 Dungeon Crawl Stone Soup version 0.20.1-1-g8b1a95d (webtiles) character file.

82 Irenicus the Chopper (level 4, 0/40 HPs)
             Began as a Deep Dwarf Fighter on Oct 21, 2017.
             Killed from afar by Ijyb (13 damage)
             ... with a wand of acid (?/15)
             ... on level 3 of the Dungeon.
             The game lasted 00:02:33 (1773 turns).

Irenicus the Chopper (Deep Dwarf Fighter)           Turns: 1773, Time: 00:02:34

Health: 0/40       AC:  6    Str: 19    XL:     4   Next: 21%
Magic:  4/4        EV:  9    Int:  9    God:
Gold:   157        SH:  0    Dex: 13    Spells: 3/3 levels left

rFire    . . .     SeeInvis .   a - +0 war axe
rCold    . . .     Gourm    .   (no shield)
rNeg     . . .     Faith    .   b - +0 scale mail
rPois    .         Spirit   .   (no helmet)
rElec    .         Reflect  .   (no cloak)
rCorr    .         Harm     .   (no gloves)
MR       .....                  (no boots)
Stlth    ..........             (no amulet)
Regen    0.0/turn               (no ring)
MPRegen  0.1/turn               (no ring)

@: non-regenerating
A: damage resistance, heal wounds, sense surroundings 1, no regeneration
a: Heal Wounds


You were on level 3 of the Dungeon.
You were not hungry.

You visited 1 branch of the dungeon, and saw 3 of its levels.

You collected 157 gold pieces.

Inventory:

Hand Weapons
 a - a +0 war axe (weapon)
Armour
 b - a +0 scale mail (worn)
 c - a +0 shield
Scrolls
 e - 4 scrolls of remove curse {unknown}
 j - a scroll of magic mapping {unknown}
 k - 2 scrolls of blinking {unknown}
 l - 3 scrolls of identify {unknown}
 m - a scroll of teleportation {unknown}
 n - a scroll of amnesia {unknown}
Potions
 d - a potion of might
 h - 2 potions of lignification {unknown}
 i - a potion of brilliance {unknown}
 p - 2 potions of agility {unknown}
Comestibles
 f - 5 bread rations
 g - a meat ration
 o - a royal jelly


   Skills:
 - Level 2.6 Fighting
 + Level 5.0 Axes
 - Level 3.2 Armour
 - Level 3.2 Shields


You had 3 spell levels left.
You didn't know any spells.

Dungeon Overview and Level Annotations

Branches:
Dungeon (3/15)

Altars:

Annotations:
D:3 Ijyb


Innate Abilities, Weirdness & Mutations

You are resistant to damage.
You can heal yourself by infusing magical energy.
You passively map a small area around you.
You do not regenerate.


Message History

You now have 141 gold pieces (gained 9).
You see here a hand axe.
You now have 157 gold pieces (gained 16).
l - 2 scrolls labeled YXTIRUHISO (gained 1)
Found a leather armour.
Ijyb the Twisted Goblin comes into view.
Ijyb is nearby!
You see here a scroll labeled YXTIRUHISO.
l - 3 scrolls labeled YXTIRUHISO (gained 1)
You closely miss Ijyb. Ijyb closely misses you.
You hit Ijyb.
Ijyb is lightly wounded.
Ijyb hits you but does no damage.
You hit Ijyb.
Ijyb is lightly wounded.
Ijyb hits you. Ijyb barely misses you.
You hit Ijyb.
Ijyb is moderately wounded.
Ijyb zaps a wand.
The bolt of acid hits you!
You die...

* * #...# * * ..#### *
##.## , ,
.....##.#####.## , ##
............#.## #.#*
##.....#..###....#
#.###......#.......#.#
#..#....... ..###....#
###.#.#.g.## #..<..
.......@...#* ######
###.....###.# , ,
#.....# *, ,
#..##.###.##. ,
#..##........
#..##.#......,, ,
#..##.##.##.. ,
#..#.........
#......[.##..


You could see Ijyb.

Vanquished Creatures
  5 adders
  2 leopard geckos (D:1)
  3 bats
  5 giant cockroaches
  A hobgoblin (D:1)
  2 jackals (D:1)
  6 kobolds
  3 frilled lizards
  7 goblins
34 creatures vanquished.

Notes
Turn   | Place    | Note
-------+----------+-------------------------------------------
     0 | D:1      | Irenicus the Deep Dwarf Fighter began the quest for the Orb.
     0 | D:1      | Reached XP level 1. HP: 20/20 MP: 1/1
   344 | D:1      | Reached skill level 3 in Axes
   347 | D:1      | Reached XP level 2. HP: 18/27 MP: 2/2
   824 | D:2      | Reached skill level 4 in Axes
   824 | D:2      | Reached XP level 3. HP: 13/33 MP: 3/3
   938 | D:2      | Found a faded altar of an unknown god.
  1576 | D:3      | Reached XP level 4. HP: 13/40 MP: 4/4
  1622 | D:3      | Reached skill level 5 in Axes
  1766 | D:3      | Noticed Ijyb
  1773 | D:3      | Killed from afar by Ijyb

Skill      XL: |  1  2  3  4 |
---------------+-------------+-----
Axes           | 3 4 5 |  5.0
Fighting       | |  2.6
Armour         | |  3.2
Shields        | |  3.2

Action                   |  1- 3 |  4- 6 || total
-------------------------+-------+-------++-------
Melee: War axe           |   104 |    25 ||   129
  Eat: Chunk             |     1 |     2 ||     3
Armor: Scale mail        |    56 |    13 ||    69
Dodge: Dodged            |    64 |    14 ||    78
Block: Shield            |     4 |       ||     4
